 Dungeon Crawl Stone Soup version 0.32-a0-473-gd044c6f0f0 (webtiles) character file.

Game seed: 14593490417869223365

149 Aldia the Chiller (level 5, -4/45 HPs)
             Began as a Naga Ice Elementalist on Feb 25, 2024.
             Killed by nerve-wracking pain
             ... invoked by Grinder
              (11 damage)
             ... on level 3 of the Dungeon.
             The game lasted 00:05:21 (2040 turns).

Aldia the Chiller (Naga Ice Elementalist)           Turns: 2040, Time: 00:05:22

Health: -4/45      AC: 11    Str: 10    XL:     5   Next: 31%
Magic:  1/9        EV:  9    Int: 18    God:
Gold:   100        SH:  0    Dex: 11    Spells: 1/10 levels left

rFire   . . .        m - +2 dagger (elec)
rCold   . . .        (no shield)
rNeg    . . .        a - +0 robe
rPois   +            n - +0 helmet
rElec   .            e - +0 cloak
rCorr   .            (no gloves)
SInv    +            (no barding)
Will    .....        (no amulet)
Stlth   ++           (no ring)
HPRegen 0.27/turn    (no ring)
MPRegen 0.11/turn

%: no passive effects
@: mighty, ice-armoured, very slow
A: AC +1, large, see invisible, deformed body, poison resistance, slowness 2,
spit poison 1, naga tail 1
a: Spit Poison


You were on level 3 of the Dungeon.
You visited 1 branch of the dungeon, and saw 3 of its levels.

You collected 100 gold pieces.

Inventory:

Hand Weapons
 m - a +2 dagger of electrocution (weapon)
Armour
 a - a +0 robe (worn)
 e - a +0 cloak (worn)
 n - a +0 helmet (worn)
Scrolls
 c - a scroll of poison {unknown}
 d - 4 scrolls of teleportation
 g - a scroll of vulnerability {unknown}
 h - a scroll of revelation {unknown}
 k - a scroll of immolation
 l - 2 scrolls of amnesia
Potions
 b - a potion of magic
 f - a potion of might
 j - 2 potions of curing


   Skills:
 + Level 2.1 Fighting
 - Level 1.5 Dodging
 - Level 3.0 Stealth
 + Level 3.0 Spellcasting
 * Level 5.3 Ice Magic


You had one spell level left.
You knew the following spells:

 Your Spells              Type           Power      Damage    Failure   Level
a - Summon Ice Beast      Ice/Summ       12%        N/A       16%         3
b - Frozen Ramparts       Ice            42%        1d7       5%          3
c - Ozocubu's Armour      Ice            21%        N/A       5%          3

Your spell library contained the following spells:

 Spells                   Type           Power      Damage    Failure   Level
 Freeze                   Ice            84%        1d9       1%          1
 Hailstorm                Conj/Ice       12%        3d6       16%         3


Dungeon Overview and Level Annotations

Branches:
Dungeon (3/15)

Altars:
Fedhas

Annotations:
D:3 Grinder


Innate Abilities, Weirdness & Mutations

Your serpentine skin is tough. (AC +1)
You have supernaturally acute eyesight. (SInv)
Armour fits poorly on your strangely shaped body.
Your system is resistant to poisons. (rPois)
You cover ground very slowly.
You can spit poison.
You have a snake-like lower body.


Message History

Grinder is lightly wounded.
Grinder completely resists.
The wall freezes Grinder but does no damage.
Grinder hits you.
* * * LOW HITPOINT WARNING * * *
Your ice beast misses Grinder.
Unknown command.
You hit Grinder.
Grinder is moderately wounded.
The frozen ramparts melt away.
Grinder hits you.
* * * LOW HITPOINT WARNING * * *
You writhe in agony.
* * * LOW HITPOINT WARNING * * *
Your ice beast barely misses Grinder.
You feel better. Grinder hits you.
* * * LOW HITPOINT WARNING * * *
You writhe in agony.
* * * LOW HITPOINT WARNING * * *
Your ice beast hits Grinder but does no damage.
Unknown command.
You feel very mighty all of a sudden.
Grinder blinks!
Unknown command.
Casting: Summon Ice Beast (dangerous; 16% risk of failure)
Confirm with . or Enter, or press ? or * to list all spells.
You don't have enough magic to cast this spell.
You aren't carrying any items that you can evoke.
Okay, then.
Your ice beast closely misses Grinder.
You puncture Grinder! Lightning courses through Grinder!
Grinder is almost dead.
You have got your breath back.
Grinder closely misses you.
Your ice beast hits Grinder but does no damage.
You hit Grinder.
Grinder is almost dead.
Grinder gestures at you. Pain shoots through your body!
You die...
Grinder says, "Hey, I wasn't done torturing you yet!"

#.....# #.#
#.....# #.#
#.....# #.#
#.....# #.#
#.....# #.#
#....)# #.#
####††######.#
##......#.#######.
##.....#.@.......
#......5........
##......Y........
#......####......
##...### .#####
#...+ .# ##...# #
##....#
#####.....#


You could see Grinder (poisoned, ally target) and a friendly ice beast
(summoned).

Vanquished Creatures
  A bombardier beetle (D:3)
  Crazy Yiuf (D:2)
  Robin (D:2)
  2 adders
  A dart slug (D:1)
  2 ribbon worms (D:2)
  5 bats
  An endoplasm (D:2)
  2 giant cockroaches (D:2)
  14 goblins
  4 hobgoblins (D:2)
  3 quokkas (D:1)
  7 ball pythons
  4 frilled lizards
  5 kobolds
  2 rats (D:2)
55 creatures vanquished.

Notes
Turn   | Place    | Note
-------+----------+-------------------------------------------
     0 | D:1      | Aldia the Naga Ice Elementalist began the quest for the
                  | Orb.
     0 | D:1      | Reached XP level 1. HP: 15/15 MP: 3/3
   200 | D:1      | Reached XP level 2. HP: 20/24 MP: 0/5
   731 | D:1      | Reached skill level 1 in Fighting
   731 | D:1      | Reached XP level 3. HP: 17/31 MP: 4/6
   735 | D:1      | Learned a level 3 spell: Frozen Ramparts
  1027 | D:2      | Found a runed translucent door.
  1028 | D:2      | Noticed Crazy Yiuf
  1054 | D:2      | Noticed Robin
  1065 | D:2      | Killed Robin
  1180 | D:2      | Found a blossoming altar of Fedhas.
  1190 | D:2      | Reached XP level 4. HP: 38/38 MP: 5/7
  1236 | D:2      | Learned a level 3 spell: Ozocubu's Armour
  1526 | D:2      | Reached skill level 5 in Ice Magic
  1862 | D:2      | Killed Crazy Yiuf
  1863 | D:2      | Reached XP level 5. HP: 45/45 MP: 1/9
  1930 | D:3      | Learned a level 3 spell: Summon Ice Beast
  2023 | D:3      | Noticed Grinder
  2026 | D:3      | Paralysed by Grinder for 4 turns
  2035 | D:3      | HP: 2/45 [Grinder (4)]
  2040 | D:3      | Killed from afar by Grinder

Illustrated notes

Levels and vault maps discovered:
D:1:      psy_arrival_radial02, layout_rooms
D:2:      layout_basic, basic_altar, uniq_crazy_yiuf_cottage, uniq_robin
D:3:      layout_basic, mainiacjoe_overflow_boulevard, minmay_puff,
          uniq_jessica, uniq_grinder

Skill      XL: |  1  2  3  4  5 |
---------------+----------------+-----
Fighting       | 1 2 |  2.1
Ice Magic      | 5 |  5.3
Spellcasting   | 3 |  3.0
Dodging        | |  1.5
Stealth        | |  3.0

Action                     |  1- 3 |  4- 6 || total
---------------------------+-------+-------++-------
  Melee: Whip              |     1 |       ||     1
         Dagger            |    10 |    30 ||    40
   Cast: Freeze            |    23 |    16 ||    39
         Frozen Ramparts   |     2 |     5 ||     7
         Ozocubu's Armour  |       |     2 ||     2
         Summon Ice Beast  |       |     1 ||     1
Ability: Spit Poison       |    11 |     7 ||    18
    Use: Scroll            |     2 |     3 ||     5
         Potion            |       |     2 ||     2
   Stab: Sleeping          |     2 |       ||     2
 Armour: Robe              |    26 |    29 ||    55
  Dodge: Dodged            |    10 |    33 ||    43

Table legend: (Time is in decaauts)
 A = Elapsed time spent in this place.
 B = Non-inter-level travel time spent in this place.
 C = Inter-level travel time spent in this place.
 D = Time resting spent in this place.
 E = Time spent auto-exploring this place.
 F = Levels seen in this place.
 G = Mean time per level.
                   A        B        C        D        E       F      G
               +--------+--------+--------+--------+--------+-----+--------+
         Total |   2493 |   2393 |    100 |    228 |   1761 |   3 |  831.0 |
       Dungeon |   2493 |   2393 |    100 |    228 |   1761 |   3 |  831.0 |
               +--------+--------+--------+--------+--------+-----+--------+

Top non-repeatable levels by time:
     D:2: 1401 daAuts
     D:1: 948 daAuts
     D:3: 143 daAuts
